 Dungeon Crawl Stone Soup version 0.17.1-3-g152610e (webtiles) character file.

38 jacquesderrida the Caller (level 3, 0/24 HPs)
             Began as a Demonspawn Summoner on Apr 27, 2016.
             Succumbed to an adder's poison
             ... on level 2 of the Dungeon.
             The game lasted 00:04:01 (687 turns).

jacquesderrida the Caller (Demonspawn Summoner)      Turns: 687, Time: 00:04:02

Health: 0/24       AC:  3    Str:  9    XL:     3   Next: 25%
Magic:  3/6        EV: 12    Int: 16    God:
Gold:   33         SH:  0    Dex: 13    Spells: 3 memorised, 0 levels left

rFire  . . .     SeeInvis .     i - +0 hunting sling
rCold  . . .     Clarity  .     a - +0 robe
rNeg   . . .     SustAt   .     (no shield)
rPois  .         Gourm    .     m - +0 helmet
rElec  .         Spirit   .     (no cloak)
rCorr  .         Warding  .     (no gloves)
rMut   .         Stasis   .     (no boots)
MR     .....                    (no amulet)
Stlth  ++........               (no ring)
                                (no ring)

@: lethally poisoned (0 -> -6), very slightly contaminated, not resistant to
hostile enchantments, unstealthy
A: claws 1, slow regeneration 1, spit poison 1, MP-powered wands
a: Spit Poison


You were on level 2 of the Dungeon.
You were not hungry.

You visited 1 branch of the dungeon, and saw 2 of its levels.

You collected 33 gold pieces.

Inventory:

Hand Weapons
 d - a +0 hand axe
 e - a +0 spear
 i - a +0 hunting sling (weapon)
Missiles
 h - 6 sling bullets of flame
 j - 31 sling bullets (quivered)
 o - 23 poisoned needles
Armour
 a - a +0 robe (worn)
 m - a +0 helmet (worn)
Scrolls
 g - a scroll of remove curse {unknown}
 n - a scroll of recharging {unknown}
 p - 2 scrolls of random uselessness {unknown}
Books
 b - a book of Callings

   Spells                             Type                      Level
   a - Summon Small Mammal            Summoning                    1
   b - Call Imp                       Summoning                    2
   c - Call Canine Familiar           Summoning                    3
   d - Summon Guardian Golem          Hexes/Summoning              3
   e - Summon Lightning Spire         Summoning/Air                4
   f - Summon Ice Beast               Ice/Summoning                4
Comestibles
 c - 3 bread rations
 f - a slice of pizza
 k - a meat ration


   Skills:
 - Level 1.7 Dodging
 - Level 1.7 Stealth
 + Level 1.1 Unarmed Combat
 - Level 2.0 Spellcasting
 + Level 4.8 Summonings


You couldn't memorise any spells.
You knew the following spells:

 Your Spells              Type           Power        Failure   Level  Hunger
a - Summon Small Mammal   Summ           ###.         3%          1    #......
b - Call Imp              Summ           ###.....     6%          2    ###....
c - Call Canine Familiar  Summ           ###.....     12%         3    ###....


Dungeon Overview and Level Annotations

Branches:
Dungeon (2/15)

Altars:


Innate Abilities, Weirdness & Mutations

You have sharp fingernails.
You regenerate slowly when monsters are visible.
You can spit weak poison.
You expend magic power (3 MP) to strengthen your wands.


Message History

You feel sick.
Your hound barely misses the adder.
The adder barely misses you.
Unknown command.
* * * LOW HITPOINT WARNING * * *
You feel sick.
Your hound bites the adder.
The adder dies!
You swap places.
* * * LOW HITPOINT WARNING * * *
You feel sick.
You swing at nothing.
* * * LOW HITPOINT WARNING * * *
You feel sick.
You swing at nothing.
* * * LOW HITPOINT WARNING * * *
You feel sick.
You swing at nothing.
You swing at nothing.
* * * LOW HITPOINT WARNING * * *
You feel sick.
You swing at nothing.
You die...

######### #.
#.......# #.
#.......# #.###
###.....<.#
##...###
..........#
#......#
...(......#
#.##.#.#
##........# #
#..#h# ##........#
#.#h##.#
##.########
#.#@##.# ...#
#......#
.##########
###.####
.##.......# #.#
.##.#####.# #.#
..#.#...#.######.#
#....# #.........#
..#..# #...#######
###..###..##


You could see a friendly hound.

Vanquished Creatures
  A worm (D:2)
  A giant cockroach (D:2)
  A bat (D:1)
  4 kobolds
  A rat (D:1)
8 creatures vanquished.

Vanquished Creatures (collateral kills)
  An adder (D:2)
  4 oozes
  A giant cockroach (D:1)
  2 hobgoblins
  3 giant newts (D:1)
  3 goblins
  2 kobolds (D:1)
  A rat (D:1)
17 creatures vanquished.

Grand Total: 25 creatures vanquished

Notes
Turn   | Place    | Note
--------------------------------------------------------------
     0 | D:1      | jacquesderrida the Demonspawn Summoner began the quest for the Orb.
     0 | D:1      | Reached XP level 1. HP: 13/13 MP: 3/3
   178 | D:1      | Gained mutation: You have sharp fingernails. [demonic ancestry]
   178 | D:1      | Reached XP level 2. HP: 7/19 MP: 0/5
   271 | D:1      | Learned a level 2 spell: Call Imp
   565 | D:2      | Reached skill level 1 in Unarmed Combat
   570 | D:2      | Reached XP level 3. HP: 18/24 MP: 6/6
   616 | D:2      | Learned a level 3 spell: Call Canine Familiar
   679 | D:2      | Gained mutation: You expend magic power (3 MP) to strengthen your wands. [potion of mutation]
   679 | D:2      | Gained mutation: You regenerate slowly when monsters are visible. [potion of mutation]
   679 | D:2      | Gained mutation: You can spit weak poison. [potion of mutation]
   684 | D:2      | HP: 1/24 [poisoned by an adder]
   687 | D:2      | Succumbed to an adder's poison

Action                   || total
-------------------------++-------
Melee: Hand axe          ||     9
       Unarmed           ||    10
 Fire: Hunting sling     ||    13
 Cast: Summon Small Mamm ||    16
       Call Imp          ||     7
       Call Canine Famil ||     1
  Use: Potion            ||     1
 Stab: Sleeping          ||     1
